 Dungeon Crawl Stone Soup version 0.22.1-1-ga44c0e5 (webtiles) character file.

106 yevrey the Ruffian (level 4, -3/36 HPs)
             Began as a Draconian Transmuter on Sept 28, 2018.
             Killed from afar by an orc wizard (7 damage)
             ... with a magic dart
             ... on level 2 of the Dungeon.
             The game lasted 00:05:06 (2221 turns).

yevrey the Ruffian (Draconian Transmuter)           Turns: 2221, Time: 00:05:07

Health: -3/36      AC:  5    Str: 13    XL:     4   Next: 55%
Magic:  1/7        EV: 11    Int: 14    God:
Gold:   85         SH:  0    Dex: 11    Spells: 2/8 levels left

rFire    . . .     SeeInvis .   j - +0 hunting sling
rCold    . . .     Gourm    .   (no shield)
rNeg     . . .     Faith    .   (armour unavailable)
rPois    .         Spirit   .   (helmet restricted)
rElec    .         Reflect  .   (no cloak)
rCorr    .         Harm     .   (no gloves)
MR       .....                  (no boots)
Stlth    +.........             (no amulet)
HPRegen  0.12/turn              (no ring)
MPRegen  0.10/turn              (no ring)

@: appendage (expiring), very slightly contaminated, heavily drained
A: unfitting armour, horns 2, cold-blooded, AC +5
a: End Transformation


You were on level 2 of the Dungeon.
You were hungry.
You had grown temporary horns.
You visited 1 branch of the dungeon, and saw 3 of its levels.

You collected 85 gold pieces.

Inventory:

Hand Weapons
 j - a +0 hunting sling (weapon)
Missiles
 a - 9 arrows
 k - 45 sling bullets (quivered)
Scrolls
 b - a scroll of blinking
 d - 3 scrolls of remove curse {unknown}
 f - a scroll of teleportation {unknown}
Potions
 e - 2 potions of degeneration {unknown}
 g - a potion of might {unknown}
 h - 3 potions of heal wounds {unknown}
 i - a potion of brilliance {unknown}
Comestibles
 c - 3 rations
 l - a chunk of flesh


   Skills:
 * Level 2.2(0.0) Fighting
 - Level 1.7(0.0) Dodging
 + Level 4.0(1.5) Unarmed Combat
 + Level 2.5(0.2) Spellcasting
 + Level 2.9(0.4) Transmutations
 + Level 0.3(0.0) Poison Magic


You had 2 spell levels left.
You knew the following spells:

 Your Spells              Type           Power        Failure   Level  Hunger
a - Beastly Appendage     Tmut           #.....       24%         1    ##.....
b - Sticks to Snakes      Tmut           #.......     34%         2    ###....
c - Spider Form           Tmut/Pois      #.........   61%         3    ####...

Your spell library contained the following spells:

 Spells                   Type           Power        Failure   Level  Hunger
 Ice Form                 Ice/Tmut       #.......     95%         4    #####..
 Blade Hands              Tmut           #.........   100%        5    ######.


Dungeon Overview and Level Annotations

Branches:
Dungeon (3/15)

Altars:


Innate Abilities, Weirdness & Mutations

Your plain brown scales are hard. (AC +5)
You cannot fit into any form of body armour.
You are cold-blooded and may be slowed by cold attacks.
You have a pair of horns on your head.


Message History

As you read the scroll labeled HIUCWA QOPUIGO, it crumbles to dust.
It was a scroll of blinking.
You aren't carrying any items that you can evoke.
Okay, then.
Okay, then.
Firing (i - inventory) No suitable missiles.
Press: ? - help, Shift-Dir - straight line, f - orc wizard
Aim: an orc wizard, wielding a dagger of draining and wearing a robe (severely
Okay, then.
Wield which item (- for none, * to show all)? (? for menu, Esc to quit)
j - a +0 hunting sling (weapon)
Firing (i - inventory)
k - 46 sling bullets (quivered)
Press: ? - help, Shift-Dir - straight line, f - orc wizard
Aim: an orc wizard, wielding a dagger of draining and wearing a robe (severely You shoot a sling bullet.
The sling bullet barely misses the orc wizard.
The sling bullet barely misses the orc.
The orc wizard points at you and mumbles some strange words.
The magic dart hits you!
You die...

...###.###..###.########.#
###.. ..## ##[##..# #.# #..
.≈.... .<.###......# #.#
####..≈.≈≈ .##.#.####.## #.#
#.≈≈≈≈≈ .###.##
#.####.######## #.≈≈≈≈≈ ..##.#
#.............# #..≈≈≈≈ .###.#
######.######.# #≈≈≈≈≈≈ ## #.#
#.######.####.≈≈≈≈♣ #
#.##########.@....oo(.§..≈≈≈≈≈
#
#............######.####..≈≈≈≈
# #..#########.# #≈.≈≈≈≈ #
#..# ### #.# #..≈≈≈≈ #..#
##.###.######. #.≈≈.≈≈ #..#
##.....(....... #...≈..
#..###.....#.####### #####.#
#............# #..
####.####.....### #..


You could see an orc wizard and an orc.

Vanquished Creatures
  Natasha (twice) (D:2)
  2 adders (D:2)
  A dart slug (D:1)
  A leopard gecko (D:1)
  4 giant cockroaches (D:1)
  2 hobgoblins (D:1)
  2 jackals (D:1)
  4 kobolds (D:1)
  3 bats
  4 frilled lizards (D:1)
  6 goblins
  4 rats
35 creatures vanquished.

Vanquished Creatures (collateral kills)
  An adder (D:2)
1 creature vanquished.

Grand Total: 36 creatures vanquished

Notes
Turn   | Place    | Note
-------+----------+-------------------------------------------
     0 | D:1      | yevrey the Draconian Transmuter began the quest for the
                  | Orb.
     0 | D:1      | Reached XP level 1. HP: 16/16 MP: 3/3
   212 | D:1      | Reached XP level 2. HP: 22/23 MP: 3/5
   224 | D:1      | Learned a level 2 spell: Sticks to Snakes
  1100 | D:1      | Reached XP level 3. HP: 29/29 MP: 4/6
  1105 | D:1      | Learned a level 3 spell: Spider Form
  1591 | D:2      | Noticed Natasha
  1601 | D:2      | Killed Natasha
  1708 | D:2      | Reached XP level 4. HP: 33/36 MP: 3/7
  1734 | D:2      | Noticed Natasha
  2096 | D:2      | Found a faded altar of an unknown god.
  2111 | D:2      | Killed Natasha
  2111 | D:2      | Reached skill level 4 in Unarmed Combat
  2221 | D:2      | Killed from afar by an orc wizard

Skill      XL: |  1  2  3  4 |
---------------+-------------+-----
Fighting       | 2 |  2.2
Unarmed Combat | 4 |  4.0
Dodging        | |  1.7
Spellcasting   | |  2.5
Transmutations | |  2.9
Poison Magic   | |  0.3

Action                   |  1- 3 |  4- 6 || total
-------------------------+-------+-------++-------
Melee: Unarmed           |    96 |    36 ||   132
       Headbutt          |    10 |       ||    10
       Tailslap          |     8 |     1 ||     9
       Kick              |     3 |     3 ||     6
 Fire: Hunting sling     |       |     1 ||     1
 Cast: Beastly Appendage |    16 |     3 ||    19
       Sticks to Snakes  |     3 |       ||     3
       Spider Form       |     2 |     3 ||     5
  Use: Scroll            |       |     1 ||     1
 Stab: Sleeping          |     1 |       ||     1
  Eat: Chunk             |     3 |     2 ||     5
Armor: Skin              |    31 |    10 ||    41
Dodge: Dodged            |    74 |    28 ||   102
